Map: Zen LE

Players

rovermarkiz

  • Race: Terran Terran
  • Spawn Location: 1:00

JohnnyV - Winner!

  • Race: Terran Terran
  • League: Silver
  • Spawn Location: 7:00

VOD

Have the link to the VOD?

Description

Time

  • Played on: May 7, 2020, 7:17 p.m.
  • Length: 13:26
Show
View Real Time Build Order
Export as new Build Order

rovermarkiz Terran 

Build Orders:  

Get SALT Encoding   

  12  0:01  SCV  
  13  0:14  SCV  
  14  0:17  Supply Depot  
  14  0:26  SCV  
  15  0:39  SCV  
  15  0:42  Barracks  
  16  0:51  SCV  
  17  0:57  Barracks  
  17  1:03  SCV  
  18  1:07  Refinery  
  18  1:15  SCV  
  19  1:28  SCV  
  19  1:30  Supply Depot  
  19  1:31  Marine  
  21  1:41  SCV  
  22  1:49  Refinery, Barracks Tech Lab  
  22  1:50  Marine  
  23  1:56  Orbital Command  
  23  2:08  Marine  
  23  2:09  Supply Depot  
  23  2:10  Marauder  
  23  2:13  Concussive Shells  
  26  2:26  Marine  
  27  2:32  Marauder  
  27  2:34  Supply Depot  
  29  3:03  Marine, Marauder  
  32  3:10  Engineering Bay  
  32  3:17  Combat Shield  
  32  3:21  Marine  
  33  3:36  Marauder  
  33  3:39  Marine  
  36  3:42  SCV  
  36  3:45  Terran Infantry Weapons Level 1  
  37  3:52  Factory  
  32  4:14  SCV  
  33  4:20  Barracks Reactor  
  33  4:23  Marauder  
  35  4:37  Factory Tech Lab  
  35  4:43  Starport  
  35  4:44  Marauder  
  37  4:52  Starport  
  37  5:00  Siege Tank  
  37  5:05  Marine x2  
  42  5:19  Supply Depot  
  42  5:22  Supply Depot  
  42  5:23  Marine x2, Medivac  
  46  5:37  Starport Reactor  
  46  5:41  Marine x2  
  48  5:54  Supply Depot  
  48  5:58  Armory  
  48  5:59  Marine x2  
  50  6:13  Viking  
  52  6:20  Viking  
  52  6:21  Viking  
  56  6:48  Siege Tank  
  59  7:09  Viking x2  
  63  7:19  Marine  
  63  7:21  Marine  
  65  7:37  Marine, Terran Vehicle And Ship Armor Level 1, Command Center  
  65  7:38  Marine  
  67  7:45  Starport Tech Lab  
  67  7:54  Marine  
  42  8:18  Viking x2  
  45  8:42  Refinery  
  45  9:31  SCV  
  42  9:45  SCV  
  43  9:57  SCV  
  44  10:01  Starport Tech Lab  
  44  10:09  SCV  
  45  10:20  SCV  
  46  10:21  SCV  
  46  10:27  Refinery  
  47  10:32  Refinery  
  47  10:33  SCV x2  
  49  10:45  SCV  
  49  10:46  SCV  
  51  10:57  SCV  
  51  10:58  SCV  
  53  11:09  SCV  
  53  11:10  SCV  
  55  11:22  SCV  
  56  11:34  SCV, Raven  
  56  11:38  Starport Reactor  
  59  11:46  SCV  
  60  12:04  Factory Tech Lab  
Show
View Real Time Build Order
Export as new Build Order

JohnnyV Terran - Winner!

Build Orders:  

Get SALT Encoding   

  12  0:01  SCV  
  13  0:16  Supply Depot  
  13  0:17  SCV  
  14  0:28  Refinery  
  14  0:29  SCV  
  15  0:42  Barracks  
  15  0:46  SCV  
  16  0:58  SCV  
  17  1:08  Supply Depot  
  17  1:11  SCV  
  18  1:23  SCV, Barracks  
  19  1:29  Reaper  
  20  1:44  Orbital Command  
  20  1:51  Factory  
  20  2:07  Barracks Tech Lab  
  20  2:17  Barracks  
  20  2:18  Marine  
  21  2:29  Marine  
  22  2:36  Marine  
  23  2:47  Marine  
  24  2:52  Factory Tech Lab  
  24  2:54  Marine  
  25  3:05  Marine  
  25  3:07  Barracks Tech Lab  
  25  3:10  Siege Tank  
  25  3:12  Marine  
  29  3:20  Bunker  
  29  3:25  Marine x2  
  31  3:30  Supply Depot  
  31  3:32  Supply Depot  
  31  3:36  Refinery  
  31  3:41  Combat Shield  
  31  3:51  Marine  
  32  4:02  Marine x2  
  33  4:09  Marine  
  35  4:19  Command Center  
  35  4:23  Ghost Academy  
  35  4:26  Ghost Academy  
  35  4:30  Marine x2  
  37  4:47  SCV, Refinery  
  37  4:52  Ghost  
  40  4:59  SCV  
  41  5:03  Ghost  
  43  5:11  SCV  
  44  5:15  Nuke  
  44  5:29  Marine x2  
  46  5:40  Personal Cloaking  
  46  5:43  Orbital Command  
  46  5:52  Marine x2  
  46  5:53  Marine  
  49  6:05  Enhanced Shockwaves  
  49  6:11  Marine x2  
  49  6:13  Marine  
  52  6:28  Siege Tank  
  52  6:31  Marine x3  
  58  6:38  Supply Depot  
  58  6:39  Supply Depot  
  58  6:49  Marine  
  58  6:51  Marine x2  
  61  7:06  Nuke  
  61  7:07  Marine  
  62  7:29  Concussive Shells  
  62  7:31  Marine x2  
  62  7:34  Starport  
  64  7:58  Nuke  
  64  7:59  Marine x2  
  66  8:39  Marine x3  
  66  8:41  Siege Tank  
  72  8:57  Marine x2  
  72  8:58  Nuke  
  72  8:59  Nuke  
  72  9:00  Marine  
  72  9:01  Starport Reactor  
  75  9:06  SCV x2  
  77  9:15  Marine  
  78  9:35  Marine, SCV  
  78  9:40  Marine x2  
  78  9:41  Siege Tank  
  78  9:45  Supply Depot  
  83  9:47  Supply Depot  
  83  9:48  SCV x2  
  83  9:51  Supply Depot  
  85  9:58  Marine  
  86  10:06  Medivac x2  
  86  10:07  SCV  
  91  10:08  Supply Depot  
  91  10:10  Ghost  
  93  10:18  Engineering Bay x2  
  93  10:19  Armory x2  
  93  10:42  SCV x2  
  95  10:54  SCV x2  
  97  11:03  Marine x3  
  100  11:05  Medivac x2  
  102  11:13  Nuke x2  
  102  11:17  Siege Tank  
  105  11:20  Marine  
  105  11:21  Marine  
  105  11:24  SCV x2  
  109  11:27  Refinery  
  109  12:00  SCV x2  
  111  12:02  Medivac x2  
  115  12:12  SCV  
  110  12:32  Medivac  
  98  12:45  Marine x3  
  98  12:47  Siege Tank  
  104  13:03  Marine x3  
Tags
 
League
Silver
Matchup
TvT
Race
Terran
Spawn Locations
Cross Positions
Add a new tag
Caveats
  • Supply blocks, unpowered buildings, or Contaminate may cause inaccurate times.
  • Supply counts are checked every 10 seconds.